 Dungeon Crawl Stone Soup version 0.20-a0-454-g2b43fbb (webtiles) character file.

113 Colliwobble the Distorting Demonspawn (level 4, 0/35 HPs)
             Began as a Demonspawn Abyssal Knight on Jan 8, 2017.
             Was a Believer of Lugonu.
             Slain by a jelly (3 damage)
             ... on level 4 of the Dungeon.
             The game lasted 00:05:46 (3329 turns).

Colliwobble the Distorting Demonspawn (DsAK)        Turns: 3329, Time: 00:05:47

Health: 0/35       AC: -5    Str: 13    XL:     4   Next: 65%
Magic:  7/7        EV: 11    Int: 14    God:    Lugonu [**....]
Gold:   159        SH:  0    Dex: 12    Spells: 3/3 levels left

rFire  . . .     SeeInvis .     a - +1 spear
rCold  . . .     Gourm    .     u - +0 leather armour
rNeg   . . .     Faith    .     (no shield)
rPois  .         Spirit   .     (helmet restricted)
rElec  .         Reflect  .     E - +0 cloak
rCorr  .         Harm     .     (no gloves)
MR     .....                    (no boots)
Stlth  +.........               (no amulet)
                                (no ring)
                                s - ring of wizardry

@: corroded
A: antennae 1, thin metallic scales 1
a: Depart the Abyss, Bend Space, Renounce Religion


You were on level 4 of the Dungeon.
You worshipped Lugonu.
Lugonu was pleased with you.
You were hungry.

You visited 1 branch of the dungeon, and saw 4 of its levels.
You visited the Abyss 1 time.

You collected 159 gold pieces.

Inventory:

Hand Weapons
 a - a +1 spear (weapon)
 b - a +0 blowgun
 n - a +0 hunting sling
Missiles
 m - 12 poisoned needles
 p - 7 curare-tipped needles
 r - a throwing net (quivered)
 v - 48 stones
 B - 10 needles of confusion
Armour
 u - a +0 leather armour (worn)
 E - a +0 cloak (worn)
Jewellery
 s - a ring of wizardry (left hand)
Wands
 t - a wand of acid (9/15)
Scrolls
 e - 2 scrolls of magic mapping {unknown}
 h - a scroll of enchant weapon {unknown}
 i - 2 scrolls of identify {unknown}
 o - a scroll of fog {unknown}
 q - a scroll of remove curse {unknown}
 w - 2 scrolls of amnesia {unknown}
 y - a scroll of fear {unknown}
 z - a scroll of recharging {unknown}
 D - a scroll of teleportation {unknown}
Potions
 d - a potion of berserk rage {unknown}
 f - 2 potions of lignification {unknown}
 j - 2 potions of curing {unknown}
 k - a potion of flight {unknown}
 l - 2 potions of heal wounds {unknown}
 x - a potion of haste {unknown}
 A - 2 potions of magic {unknown}
 C - 2 potions of might {unknown}
Comestibles
 c - 3 bread rations
 g - a royal jelly
 F - 2 meat rations


   Skills:
 - Level 3.0 Fighting
 * Level 3.8 Polearms
 - Level 1.7 Armour
 - Level 0.8 Dodging
 + Level 4.0 Invocations


You had 3 spell levels left.
You didn't know any spells.

Dungeon Overview and Level Annotations

Branches:
Dungeon (4/15)             Temple (0/1) D:4

Altars:
Okawaru
Ru


Innate Abilities, Weirdness & Mutations

You have a pair of small antennae on your head.
You are partially covered in thin metallic scales. (AC +2)


Message History

* * * LOW HITPOINT WARNING * * *
You are too injured to fight recklessly!
You barely miss the jelly.
The jelly is heavily wounded.
The jelly closely misses you.
You hit the jelly.
Your hands burn!
* * * LOW HITPOINT WARNING * * *
The jelly is severely wounded.
You hit the jelly but do no damage. The acid corrodes you!
Your hands burn!
* * * LOW HITPOINT WARNING * * *
The jelly is severely wounded.
The jelly barely misses you.
You hit the jelly but do no damage.
Your hands burn!
* * * LOW HITPOINT WARNING * * *
The jelly is severely wounded.
The jelly closely misses you.
You barely miss the jelly.
The jelly is heavily wounded.
The jelly hits you.
You die...

### #.##..## #.# #...#
#......# #.# #.#.#
######.## #.#.# #..#
####.#.# ##.# #....#.#
#.## #.####.# #..#
#.####.# # ##.##
#...<#.# #.. #@.#
######.# #...####J## #
#.# #......#..##.#####
###.#
#................##...#
#....>.#..#.####.......
#......##.# # #..#.#..
#.....###?# #. #.#..
#..... #.. # #.#..
#...$. ##.. #...#


You could see a jelly.

Vanquished Creatures
  4 adders
  4 dart slugs (D:1)
  4 leopard geckos
  An orc (D:3)
  8 bats
  3 giant cockroaches
  9 goblins
  5 hobgoblins
  3 jackals (D:1)
  9 kobolds
  2 quokkas
  3 frilled lizards
  5 rats
60 creatures vanquished.

Notes
Turn   | Place    | Note
-------+----------+-------------------------------------------
     0 | Abyss:1  | Colliwobble the Demonspawn Abyssal Knight began the quest for the Orb.
     0 | Abyss:1  | Reached XP level 1. HP: 18/18 MP: 2/2
    10 | D:1      | Escaped the Abyss
   152 | D:1      | Gained mutation: You have a pair of small antennae on your head. [demonic ancestry]
   152 | D:1      | Reached XP level 2. HP: 22/24 MP: 3/3
   347 | D:1      | Reached skill level 3 in Invocations
   510 | D:1      | Gained mutation: You are partially covered in thin metallic scales. (AC +2) [demonic ancestry]
   510 | D:1      | Reached XP level 3. HP: 22/29 MP: 5/5
   782 | D:1      | Reached ** piety under Lugonu
  1826 | D:2      | Reached XP level 4. HP: 35/35 MP: 6/6
  2365 | D:3      | Found an iron altar of Okawaru.
  2769 | D:3      | Found a sacrificial altar of Ru.
  2800 | D:3      | Reached skill level 4 in Invocations
  3311 | D:4      | Found a staircase to the Ecumenical Temple.
  3329 | D:4      | Slain by a jelly

Vault maps used:
D:1:      lightli_arrival_statue_moat, minmay_tiny_reverse_x
D:2:      first_bread, minmay_pentomino_s4
D:3:      hangedman_ru_absence, overflow_temple_1_default
D:4:      serial_shops, nicolae_shop_temple_entry_statues_fountains

Skill      XL: |  1  2  3  4 |
---------------+-------------+-----
Polearms       | 2 3 |  3.8
Invocations    | 3 4 |  4.0
Fighting       | |  3.0
Armour         | |  1.7
Dodging        | |  0.8

Action                   |  1- 3 |  4- 6 || total
-------------------------+-------+-------++-------
Melee: Spear             |   151 |    92 ||   243
  Eat: Chunk             |     3 |     4 ||     7
Armor: Leather armour    |    38 |    17 ||    55
Dodge: Dodged            |    75 |    37 ||   112
